 Dungeon Crawl Stone Soup version 0.18-a0-1426-g3b9a63c (webtiles) character file.

5614 Tomstefer the Martial Artist (level 10, -18/51 HPs)
             Began as a Vine Stalker Monk on Feb 27, 2016.
             Was an Elder of Ashenzari.
             Demolished by a spiny frog (19 damage)
             ... on level 9 of the Dungeon.
             The game lasted 00:26:00 (7397 turns).

Tomstefer the Martial Artist (Vine Stalker Monk)    Turns: 7397, Time: 00:26:01

Health: -18/51     AC: 14    Str: 22    XL:     10   Next: 73%
Magic:  0/20       EV: 14    Int: 11    God:    Ashenzari [****..]
Gold:   621        SH:  8    Dex: 18    Spells: 2 memorised, 0 levels left

rFire  . . .     SeeInvis +       - Unarmed
rCold  . . .     Gourm    .     N - +3 ring mail {rPois} (curse)
rNeg   . . .     Faith    .     I - +2 buckler
rPois  +         Spirit   +     B - +0 helmet
rElec  .         Dismiss  .     Q - +1 cloak
rCorr  .         Reflect  .     K - +2 pair of gloves {Str+3} (curse)
SustAt .         Harm     .     (no boots)
MR     +....     Clarity  +     (no amulet)
Stlth  ++........               c - +4 ring of strength (curse)
                                z - ring of magical power

@: lethally poisoned (-18 -> -18), somewhat resistant to hostile enchantments,
unstealthy
A: fangs 3, regeneration 2, magic shield, antimagic bite, no device heal 3, rot
immunity
a: Curse Item, Scrying, Renounce Religion


You were on level 9 of the Dungeon.
You worshipped Ashenzari.
Ashenzari was greatly pleased with you.
You were not hungry.

You visited 2 branches of the dungeon, and saw 10 of its levels.

You collected 621 gold pieces.

Inventory:

Armour
 B - a +0 helmet (worn)
 I - a +2 buckler (worn)
 K - a cursed +2 pair of gloves of strength (worn)
 N - a cursed +3 ring mail of poison resistance (worn)
 Q - a +1 cloak (worn)
Jewellery
 c - a cursed +4 ring of strength (right hand)
 n - an uncursed ring of ice
 u - a cursed ring of teleportation
 z - a ring of magical power (left hand)
Wands
 o - a wand of confusion (19/48)
 O - a wand of random effects (14/48)
 R - a wand of lightning (12/15)
 U - a wand of acid (15/15)
Scrolls
 d - 6 scrolls of remove curse
 e - 3 scrolls of random uselessness
 k - a scroll of amnesia
 l - 2 scrolls of teleportation
 t - 2 scrolls of fear
 v - a scroll of identify
 x - a scroll of enchant weapon
 y - a scroll of enchant armour
 C - 2 scrolls of noise
 E - 3 scrolls of blinking
Potions
 h - 3 potions of resistance {unknown}
 i - a potion of flight
 m - a potion of cancellation {unknown}
 p - 2 potions of cure mutation {unknown}
 q - a potion of invisibility {unknown}
 r - 3 potions of curing {unknown}
 s - a potion of haste {unknown}
 w - 3 potions of agility
 A - a potion of degeneration {unknown}
 D - 2 potions of mutation {unknown}
 G - 3 potions of lignification {unknown}
 H - a potion of ambrosia {unknown}
 J - a potion of brilliance {unknown}
 M - a potion of heal wounds {unknown}
Books
 F - a book of Spatial Translocations

   Spells                             Type                      Level
   a - Apportation                    Translocation                1
   b - Blink                          Translocation                2
   c - Shroud of Golubria             Charms/Translocation         2
   d - Portal Projectile              Translocation                3
   e - Teleport Other                 Translocation                3
   f - Passage of Golubria            Translocation                4
 S - a book of Party Tricks

   Spells                             Type                      Level
   a - Summon Butterflies             Summoning                    1
   b - Apportation                    Translocation                1
   c - Tukima's Dance                 Hexes                        3
   d - Alistair's Intoxication        Transmutation/Poison         5
   e - Invisibility                   Hexes                        6
 T - a book of Transfigurations

   Spells                             Type                      Level
   a - Irradiate                      Conjuration/Transmutation    5
   b - Statue Form                    Transmutation/Earth          6
   c - Hydra Form                     Transmutation                6
   d - Dragon Form                    Transmutation                7
Comestibles
 b - 3 bread rations
 f - 2 fruits
 g - 5 meat rations
 j - 2 beef jerkies
 P - 2 slices of pizza


   Skills:
 + Level 5.5 Fighting
 - Level 2.0 Armour
 - Level 5.2 Dodging
 - Level 2.4 Stealth
 - Level 4.8 Shields
 + Level 10.6 Unarmed Combat
 - Level 5.6 Hexes
 + Level 3.9 Transmutations


You couldn't memorise any spells.
You knew the following spells:

 Your Spells              Type           Power        Failure   Level  Hunger
a - Tukima's Dance        Hex            ##......     17%         3    ####...
b - Statue Form           Trmt/Erth      #........    100%        6    #######


Dungeon Overview and Level Annotations

Branches:
Dungeon (9/15)             Temple (0/1) D:6            Lair (1/8) D:9
    Orc: D:9-12

Altars:
Ashenzari
Cheibriados
Elyvilon
Nemelex Xobeh
Sif Muna

Shops:
D:5 }   D:6 :   D:9 [

Annotations:
Lair:1 Foomius's ghost, novice DsNe


Innate Abilities, Weirdness & Mutations

You have razor-sharp teeth.
You heal very quickly.
When hurt, damage is shared between your health and your magic reserves.
Your bite disrupts and absorbs the magic of your enemies.
Potions and wands cannot restore your health.
You are immune to rotting.


Message History

The spiny frog closely misses you. You block the spiny frog's attack.
The spiny frog stings you!
* * * LOW HITPOINT WARNING * * *
You feel sick.
There is a staircase back to the Dungeon here.
The spiny frog closely misses you. You block the spiny frog's attack.
The spiny frog stings you!
* * * LOW HITPOINT WARNING * * *
You climb upwards.
Welcome back to the Dungeon!
There is a staircase to the Lair here.
You are too injured to fight recklessly!
You are too injured to fight recklessly!
You are too injured to fight recklessly!
You are too injured to fight recklessly!
You hit the spiny frog but do no damage.
You bite the spiny frog, but do no damage.
The spiny frog is heavily wounded.
* * * LOW HITPOINT WARNING * * *
You feel sick. The spiny frog stings you!!
You die...

........................#
########................#
#..^...#................####
+......#''######..#####....#
#..............#..#...#....#
#....##'###....#..+...'....##
#....#....#....#..#...#.....#
#....#....#....#..#####.....#
#....#....#....#@F..........#
#....######....#F...........#
#..............#............#
######'#########....[.......#
.......................=....#
#...........................#
#......................######
#......................#
#..........####........#


You could see 2 spiny frogs.

Vanquished Creatures
  2 spiny frogs (Lair:1)
  A komodo dragon (Lair:1)
  Grinder (D:4)
  2 hungry ghosts
  5 yaks (D:9)
  A hippogriff (D:7)
  A porcupine (Lair:1)
  A water moccasin (D:9)
  2 ice beasts
  2 sky beasts
  An orc warrior (D:8)
  A necrophage (D:9)
  An ogre (D:4)
  A phantom (D:8)
  5 centaurs
  A big kobold (D:9)
  A gnoll sergeant (D:9)
  4 giant frogs
  2 scorpions
  4 killer bees (D:9)
  4 howler monkeys
  2 crimson imps (D:9)
  3 jellies (D:9)
  4 hounds
  4 orc priests
  8 orc wizards
  An iguana (D:4)
  Ijyb (D:2)
  7 worker ants
  A hound skeleton (D:7)
  A worker ant zombie (D:9)
  13 gnolls
  17 adders
  7 river rats (Lair:1)
  A shadow imp (D:6)
  An ooze (D:5)
  An adder skeleton (D:9)
  4 worms
  A dart slug (D:3)
  4 giant geckos
  27 orcs
  9 bats
  6 giant cockroaches
  9 goblins
  3 hobgoblins
  9 jackals
  2 quokkas
  A ball python (D:3)
  2 giant newts
  A jackal skeleton (D:8)
  8 kobolds
  A quokka skeleton (D:8)
  4 rats
206 creatures vanquished.

Notes
Turn   | Place    | Note
--------------------------------------------------------------
     0 | D:1      | Tomstefer the Vine Stalker Monk began the quest for the Orb.
     0 | D:1      | Reached XP level 1. HP: 11/11 MP: 2/2
   126 | D:1      | Reached XP level 2. HP: 14/16 MP: 1/3
   440 | D:2      | Reached XP level 3. HP: 14/19 MP: 2/4
   494 | D:2      | Found a white marble altar of Elyvilon.
   569 | D:2      | Reached skill level 5 in Unarmed Combat
   921 | D:2      | Reached XP level 4. HP: 16/23 MP: 5/5
  1056 | D:2      | Noticed Ijyb
  1093 | D:2      | Killed Ijyb
  1093 | D:2      | Reached skill level 6 in Unarmed Combat
  1093 | D:2      | Reached XP level 5. HP: 9/27 MP: 4/6
  1958 | D:3      | Found a faded altar to an unknown god.
  2110 | D:3      | Reached skill level 1 in Armour
  2407 | D:3      | Found a sparkling altar of Nemelex Xobeh.
  2433 | D:3      | HP: 1/28 [orc priest/divine providence (7)]
  2436 | D:3      | Gained mutation: You heal very quickly. [Vine Stalker growth]
  2436 | D:3      | Reached XP level 6. HP: 1/32 MP: 2/7
  2588 | D:3      | Found a shattered altar of Ashenzari.
  2598 | D:3      | Became a worshipper of Ashenzari the Shackled
  2598 | D:3      | Reached * piety under Ashenzari
  2598 | D:3      | Reached ** piety under Ashenzari
  3035 | D:4      | Found a snail-covered altar of Cheibriados.
  3106 | D:4      | Reached XP level 7. HP: 30/38 MP: 8/8
  3297 | D:4      | Noticed Grinder
  3337 | D:4      | Paralysed by Grinder for 6 turns
  3347 | D:4      | Killed Grinder
  3619 | D:4      | Reached skill level 7 in Unarmed Combat
  3821 | D:5      | Entered Level 5 of the Dungeon
  3861 | D:5      | Found Quthry's Gadget Shop.
  4125 | D:5      | Gained mutation: You have razor-sharp teeth. [Vine Stalker growth]
  4125 | D:5      | Reached XP level 8. HP: 37/42 MP: 9/9
  4511 | D:5      | Found a deep blue altar of Sif Muna.
  4679 | D:6      | Found a staircase to the Ecumenical Temple.
  4812 | D:6      | Reached *** piety under Ashenzari
  4939 | D:6      | Found Usatante's Book Boutique.
  4956 | D:6      | Reached skill level 5 in Dodging
  4956 | D:6      | Reached skill level 8 in Unarmed Combat
  5117 | D:7      | Found a white marble altar of Elyvilon.
  5245 | D:7      | Learned a level 3 spell: Tukima's Dance
  5399 | D:7      | Reached skill level 1 in Hexes
  5517 | D:7      | Reached skill level 1 in Shields
  5535 | D:7      | Reached XP level 9. HP: 46/46 MP: 10/10
  5785 | D:8      | Reached skill level 9 in Unarmed Combat
  6430 | D:9      | Found a staircase to the Lair.
  6535 | D:9      | Reached skill level 5 in Hexes
  6542 | D:9      | Reached XP level 10. HP: 45/51 MP: 11/11
  6558 | D:9      | Reached skill level 10 in Unarmed Combat
  6573 | D:9      | Learned a level 6 spell: Statue Form
  6639 | D:9      | Reached skill level 1 in Transmutations
  6788 | D:9      | Found Kulenax's Armour Emporium.
  7110 | D:9      | Reached **** piety under Ashenzari
  7213 | Lair:1   | Entered Level 1 of the Lair of Beasts
  7288 | Lair:1   | Noticed a spiny frog
  7295 | Lair:1   | Killed a spiny frog
  7295 | Lair:1   | Reached skill level 5 in Fighting
  7316 | Lair:1   | Noticed a spiny frog
  7316 | Lair:1   | Noticed a spiny frog
  7325 | Lair:1   | Killed a spiny frog
  7330 | Lair:1   | Noticed a spiny frog
  7350 | Lair:1   | Noticed Foomius's ghost (novice DsNe)
  7395 | Lair:1   | HP: 1/51 [spiny frog (6)]
  7397 | D:9      | Demolished by a spiny frog

Vault maps used:
D:1:      dpeg_arrival_simpleton_b
D:2:      kennysheep_goblin_castle, elyvilon_altar_1
D:3:      old_standard_altar, ecumenical_altar_2, ashenzari_altar_1
D:4:      kennysheep_mini_moat, uniq_grinder
D:5:      led_sif_pool, serial_shops, kennysheep_mini, first_bread,
          minivault_11, minivault_1
D:6:      minmay_temple_entry_mist, serial_shops, shop
D:7:      basic_altar
D:9:      lair_0_dummy, serial_shops, shop
Lair:1:   beast_lair_carwin_8, grunt_megastairs_3

Skill      XL: |  1  2  3  4  5  6  7  8  9 10 |
---------------+-------------------------------+-----
Unarmed Combat | 5 6 7 8 9 10 | 10.6
Fighting       | 3 4 5 |  5.5
Armour         | 1 2 |  2.0
Dodging        | 3 4 5 |  5.2
Hexes          | 2 5 |  5.6
Shields        | 1 4 |  4.8
Transmutations | 3 |  3.9
Stealth        | |  2.4

Action                   |  1- 3 |  4- 6 |  7- 9 | 10-12 || total
-------------------------+-------+-------+-------+-------++-------
Melee: Unarmed           |    71 |   192 |   313 |   171 ||   747
Invok: Curse Item        |       |     1 |     2 |       ||     3
  Use: Scroll            |       |       |    13 |       ||    13
 Stab: Sleeping          |     1 |     2 |     3 |       ||     6
       Distracted        |       |     1 |     1 |       ||     2
  Eat: Chunk             |       |     7 |    10 |     3 ||    20
       Bread ration      |       |       |     1 |       ||     1
